 Dungeon Crawl Stone Soup version 0.29-a0-925-g0a7a3d12f8 (webtiles) character file.

Game seed: 2922776225649867985

67691 Querens the Champion of Chaos (level 16, 0/144 HPs)
             Began as a Meteoran Fighter on July 29, 2022.
             Was the Champion of Makhleb.
             Slain by a tyrant leech (3 damage)
             ... on level 3 of the Swamp.
             The game lasted 00:50:40 (10223 turns).

Querens the Champion of Chaos (Meteoran Fighter)   Turns: 10223, Time: 00:50:41

Health: 0/144      AC: 36    Str: 27    XL:     16   Next: 15%
Magic:  28/28      EV:  8    Int:  7    God:    Makhleb [******]
Gold:   978        SH: 20    Dex: 14    Spells: 15/15 levels left

rFire   + . .      SeeInvis .   r - +3 broad axe (flame)
rCold   . . .      Faith    .   L - +2 tower shield
rNeg    . . .      Spirit   .   Q - +15 Maxwell's patent armour {-Cast -Tele rElec Will+ rCorr}
rPois   +          Reflect  .   t - +0 helmet
rElec   +          Harm     .   H - +0 cloak
rCorr   +          Rampage  .   y - +0 pair of gloves
Will    +++..      NoTele   +   (no boots)
Stlth   .......... NoCast   +   (no amulet)
HPRegen 0.34/turn               a - ring of protection from fire
MPRegen 0.21/turn               B - ring of poison resistance

@: mighty, glowing, very slow
A: sense surroundings 2, otherworldly, glowing, explore regen, dopey 1,
screaming 1, devolution 1
a: Renounce Religion, Minor Destruction, Lesser Servant of Makhleb, Major
Destruction, Greater Servant of Makhleb


You were on level 3 of the Swamp.
You worshipped Makhleb.
Makhleb was exalted by your worship.
You visited 4 branches of the dungeon, and saw 20 of its levels.
You visited 1 bazaar.

You collected 2276 gold pieces.
You spent 1298 gold pieces at shops.

Inventory:

Hand Weapons
 r - a +3 broad axe of flaming (weapon)
Missiles
 k - 8 curare-tipped darts (quivered)
 S - 3 throwing nets
Armour
 t - a +0 helmet (worn)
 x - a +4 plate armour
 y - a +0 pair of gloves (worn)
 E - a +0 chain mail of fire resistance
 H - a +0 cloak (worn)
 L - a +2 tower shield (worn)
 M - the +2 crystal plate armour of Fogoifoi {Fly SInv}
   (You acquired it in a bazaar)

   SInv:      It lets you see invisible.
   Fly:       It grants you flight.
 Q - the +15 Maxwell's patent armour (worn) {-Cast -Tele rElec Will+ rCorr}
   (You found it on level 2 of the Orcish Mines)

   rElec:     It insulates you from electricity.
   -Cast:     It prevents spellcasting.
   -Tele:     It prevents most forms of teleportation.
   rCorr:     It protects you from acid and corrosion.
   Will:      It increases your willpower.
Jewellery
 a - a ring of protection from fire (left hand)
 B - a ring of poison resistance (right hand)
 D - an amulet of magic regeneration
 G - a +6 ring of dexterity
 I - a ring of magical power
 K - a ring of protection from fire
Wands
 c - a wand of flame (39)
 p - a wand of light (5)
 R - a wand of roots (2)
Scrolls
 e - 6 scrolls of teleportation
 f - a scroll of summoning
 g - 2 scrolls of immolation
 h - a scroll of brand weapon
 j - 2 scrolls of fear
 m - 2 scrolls of enchant armour
 n - 2 scrolls of fog
 q - 2 scrolls of amnesia
 w - 4 scrolls of magic mapping
 C - 6 scrolls of poison
 J - 2 scrolls of blinking
 T - a scroll of silence
Potions
 b - 3 potions of attraction
 d - 3 potions of might
 i - 13 potions of curing
 l - 2 potions of brilliance
 o - 2 potions of cancellation
 s - 3 potions of flight
 u - 3 potions of lignification
 z - 2 potions of mutation
 A - 2 potions of resistance
 F - 2 potions of magic
 N - a potion of invisibility
 O - a potion of haste
 P - a potion of ambrosia
 U - a potion of berserk rage {unknown}
Miscellaneous
 V - a box of beasts


   Skills:
 + Level 13.3 Fighting
 + Level 14.2 Axes
 + Level 14.5 Armour
 + Level 6.4 Dodging
 + Level 14.5 Shields
 + Level 15.0 Invocations


You had 15 spell levels left.
You didn't know any spells.
Your spell library contained the following spells:

 Spells                   Type           Power      Damage    Failure   Level
 Apportation              Tloc           0%         N/A       100%        1
 Freeze                   Ice            0%         1d3       100%        1
 Necrotise                Necr           0%         1d4       100%        1
 Slow                     Hex            0%         N/A       100%        1
 Summon Small Mammal      Summ           0%         N/A       100%        1
 Call Imp                 Summ           0%         N/A       100%        2
 Ensorcelled Hibernation  Hex/Ice        0%         N/A       100%        2
 Scorch                   Fire           0%         2d5       100%        2
 Sublimation of Blood     Necr           0%         N/A       100%        2
 Wereblood                Tmut           0%         N/A       100%        2
 Conjure Flame            Conj/Fire      0%         6-21      100%        3
 Dazzling Flash           Conj/Hex       0%         N/A       100%        3
 Frozen Ramparts          Ice            0%         1d2       100%        3
 Ignite Poison            Fire/Tmut/Pois 0%         N/A       100%        3
 Spider Form              Tmut/Pois      0%         N/A       100%        3
 Anguish                  Hex/Necr       0%         N/A       100%        4
 Flame Wave               Conj/Fire      0%         2d4       100%        4
 Hailstorm                Conj/Ice       0%         3d3       100%        4
 Ice Form                 Ice/Tmut       0%         N/A       100%        4
 Iskenderun's Mystic Bla  Conj/Tloc      0%         2d3       100%        4
 Sticky Flame             Conj/Fire      0%         2d3       100%        4
 Summon Ice Beast         Ice/Summ       0%         N/A       100%        4
 Starburst                Conj/Fire      0%         6d3       100%        6
 Summon Cactus Giant      Summ           0%         N/A       100%        6
 Monstrous Menagerie      Summ           0%         N/A       100%        7
 Summon Hydra             Summ           0%         N/A       100%        7
 Discord                  Hex            0%         N/A       100%        8


Dungeon Overview and Level Annotations

Branches:
Dungeon (13/15) Zot: 1058  Temple (0/1) D:6            Lair (2/5) D:11 Zot: 168
  Swamp (3/4) Lair:2 Zot: 486  Spider (0/4) Lair:2          Orc (2/2) D:12 Zot: 65
    Elf (0/3) Orc:2
 Vaults: D:13-14

Altars:
Elyvilon
Makhleb
Wu Jian
Xom
Zin

Shops:
D:9 =*   Orc:2 :=?:

Portals:
Abyss: Swamp:2

Annotations:
D:3 2 transporters, Majang's ghost, weakling MfGl
D:8 1 runed translucent door, Elmgren's ghost, novice MiBe
D:10 Urug


Innate Abilities, Weirdness & Mutations

You passively map the area around you.
You are easily found by Zot.
You glow in the dark.
You regain HP and MP as you explore.
You are dopey. (Int -2)
You occasionally shout uncontrollably at your foes.
You have hidden genetic defects.


Message History

The volley of thorns hits you but does no damage.
You block the tyrant leech's attack.
Unknown command.
Unknown command.
Unknown command.
You slice the thorn hunter!! You burn the thorn hunter!!
The thorn hunter is heavily damaged.
You miss the tyrant leech.
The briar patch crumbles away. x3
The thorn hunter fires a volley of thorns at you.
You block the volley of thorns.
Unknown command.
Unknown command.
Unknown command.
Your unstable footing causes you to fumble your attack.
The thorn hunter fires a volley of thorns at you.
The volley of thorns hits you but does no damage.
You block the tyrant leech's attack.
Unknown command.
Unknown command.
You hit the thorn hunter. You burn the thorn hunter.
The thorn hunter is heavily damaged.
You miss the tyrant leech.
The thorn hunter gestures.
The tyrant leech bites you!
* * * LOW HITPOINT WARNING * * *
The tyrant leech draws strength from your injuries!
The thorn hunter fires a volley of thorns at you.
The volley of thorns hits you!!
* * * LOW HITPOINT WARNING * * *
Unknown command.
You feel very mighty all of a sudden. You block the tyrant leech's attack.
The thorn hunter hits you.
* * * LOW HITPOINT WARNING * * *
The thorn hunter hits you but does no damage.
Unknown command.
Unknown command.
Unknown command.
Your unstable footing causes you to fumble your attack.
You block the thorn hunter's attack. x2; The tyrant leech bites you.
You die...

≈≈≈≈≈≈≈.≈≈≈≈≈.♣♣♣♣♣♣...≈≈≈†♣≈≈§..
.....≈≈.≈≈≈≈≈≈♣ ♣.§.≈≈≈≈♣≈≈≈.<
♣♣♣♣≈≈≈.≈≈≈≈≈≈♣ ♣≈≈≈♣..≈≈[≈≈≈♣≈
♣.......≈.♣♣ ♣♣♣♣♣♣♣≈≈≈≈≈.♣♣
♣.≈≈.P♣♣♣♣♣ * ♣≈≈§≈≈≈♣ ♣.§≈≈P.♣♣♣
♣♣ ♣♣♣≈≈≈.♣ ♣.≈§≈P≈PP♣♣♣♣♣≈♣
♣.≈≈§.. ♣.≈≈≈P§PP......♣ ♣♣♣♣♣.≈
♣♣≈.§P≈..§≈.≈@≈♣≈♣.≈ * ≈≈
♣≈.≈P≈≈.≈§≈≈wf.[..≈§** ≈.
♣≈≈.≈P≈..≈≈≈≈≈.♣≈≈≈≈≈ * .
♣♣♣≈.P≈.≈≈≈≈.≈≈..≈≈≈≈ >≈, ≈
♣♣?P..≈≈≈(♣.≈≈..≈≈≈ , ,
♣♣♣.....≈♣♣♣≈≈.≈≈≈≈ ≈ , ♣.♣♣♣♣♣♣*
♣.≈≈≈≈≈≈, ≈ ,, ♣≈ , *.§≈≈ ≈≈ ,
♣♣* ,, * .≈≈ ,


You could see a thorn hunter and a tyrant leech.

Vanquished Creatures
  Bai Suzhen (Swamp:3)
  A tentacled monstrosity (Swamp:1)
  A cacodemon (Swamp:2)
  A very ugly thing (Swamp:2)
  3 eleionomae
  The ghost of 2tc the Basher, a journeyman GrMo of Makhleb (Swamp:2)
  3 bunyips (Swamp:3)
  Snorg (Orc:2)
  An ettin (Orc:1)
  A shambling mangrove (Swamp:3)
  2 boulder beetles (D:12)
  6 hydras
  2 centaur warriors (D:10)
  3 two-headed ogres
  3 alligators
  2 catoblepae (Lair:2)
  A hell hog (Swamp:2)
  A death yak (D:11)
  A thrashing horror (Swamp:2)
  Nergalle (D:10)
  4 swamp dragons
  5 goliath frogs
  A spriggan druid (Swamp:2)
  2 bog bodies
  7 orc knights
  A will-o-the-wisp (Swamp:2)
  2 deep elf pyromancers (D:12)
  An orc sorcerer (Orc:2)
  A manticore (D:12)
  3 cyclopes
  A black mamba (Lair:1)
  2 cane toads
  A gargoyle (D:12)
  An unseen horror (D:9)
  A kobold demonologist (D:10)
  2 komodo dragons
  A hellion (Swamp:2)
  3 trolls
  6 hornets
  3 tyrant leeches
  6 dream sheep (Lair:1)
  11 blink frogs
  A large abomination (Swamp:2)
  A jumping spider (Lair:2)
  A vampire (D:12)
  32 yaks
  A wraith (D:11)
  3 basilisks
  3 spriggans (Swamp:2)
  A wyvern (D:11)
  A redback (Lair:2)
  2 steam dragons
  4 vampire mosquitoes
  11 wargs
  Edmund (D:5)
  16 swamp worms
  2 acid dragons
  13 water moccasins
  36 orc warriors
  A swamp drake (Swamp:3)
  An ice beast (D:7)
  8 ogres
  4 black bears
  2 sky beasts
  2 wolves
  5 centaurs
  2 phantoms
  2 kobold brigands (D:10)
  5 gnoll sergeants
  6 bullfrogs
  A scorpion (shapeshifter) (Swamp:2)
  2 scorpions
  11 wights
  11 killer bees
  An electric eel (Lair:2)
  9 howler monkeys
  3 jellies
  11 orc priests
  7 hounds
  A gnoll bouda (D:9)
  Jessica (D:3)
  2 iguanas
  16 orc wizards
  28 gnolls
  4 adders
  6 white imps
  4 ufetubi
  A worm (D:5)
  4 dart slugs
  73 orcs
  9 endoplasms
  3 giant cockroaches
  5 goblins
  4 hobgoblins
  9 kobolds
  8 quokkas
  5 ball pythons
  5 bats
  3 frilled lizards
  6 rats
  2 briar patches (Swamp:3)
523 creatures vanquished.

Vanquished Creatures (collateral kills)
  Rupert (Orc:2)
  A troll (Orc:2)
  2 wargs (Orc:2)
  An orc priest (Orc:2)
  4 gnolls (Orc:2)
  An orc (Orc:2)
10 creatures vanquished.

Vanquished Creatures (others)
  An unseen horror (D:13)
  2 orcs
  2 briar patches (Swamp:3)
  12 foxfires (Swamp:2)
  11 fungi
  10 plants
  3 withered plants (Swamp:3)
41 creatures vanquished.

Grand Total: 574 creatures vanquished

Notes
Turn   | Place    | Note
-------+----------+-------------------------------------------
     0 | D:1      | Querens the Meteoran Fighter began the quest for the Orb.
     0 | D:1      | Reached XP level 1. HP: 19/19 MP: 2/2
    59 | D:1      | Reached XP level 2. HP: 20/26 MP: 3/3
    92 | D:1      | Found a faded altar of an unknown god.
   231 | D:1      | Reached XP level 3. HP: 31/31 MP: 4/4
   482 | D:1      | Glimpsed the power of Zot.
   532 | D:1      | Glimpsed the power of Zot.
   572 | D:1      | Glimpsed the power of Zot.
   582 | D:1      | Touched by the power of Zot.
   658 | D:2      | Reached XP level 4. HP: 15/32 MP: 5/5
   981 | D:2      | Found a burning altar of Makhleb.
   989 | D:2      | Became a worshipper of Makhleb the Destroyer
  1256 | D:3      | Noticed a scorpion
  1325 | D:3      | Noticed Jessica
  1327 | D:3      | Killed Jessica
  1328 | D:3      | Reached XP level 5. HP: 20/41 MP: 6/6
  1397 | D:3      | Reached skill level 1 in Invocations
  1405 | D:3      | Noticed a gnoll sergeant
  1408 | D:3      | Found a transporter.
  1408 | D:3      | Noticed Majang's ghost (weakling MfGl)
  1421 | D:3      | Found a transporter.
  1650 | D:4      | Reached XP level 6. HP: 49/52 MP: 8/8
  1684 | D:4      | Reached skill level 2 in Invocations
  1684 | D:4      | Found a glowing silver altar of Zin.
  1685 | D:4      | Found a shimmering altar of Xom.
  1685 | D:4      | Found a white marble altar of Elyvilon.
  1715 | D:4      | Found an ornate altar of the Wu Jian Council.
  1917 | D:4      | Reached skill level 5 in Shields
  1922 | D:4      | Reached skill level 5 in Armour
  1947 | D:4      | Reached XP level 7. HP: 45/60 MP: 9/9
  2183 | D:5      | Entered Level 5 of the Dungeon
  2304 | D:5      | Reached skill level 3 in Invocations
  2310 | D:5      | Reached skill level 5 in Fighting
  2323 | D:5      | Reached * piety under Makhleb
  2329 | D:5      | Reached XP level 8. HP: 46/68 MP: 11/11
  2469 | D:5      | Noticed Edmund
  2488 | D:5      | Killed Edmund
  2489 | D:5      | Reached skill level 5 in Axes
  2489 | D:5      | Reached skill level 4 in Invocations
  2739 | D:6      | Found a staircase to the Ecumenical Temple.
  3014 | D:6      | Gained mutation: You passively map the area around you.
                  | [Meteoran growth]
  3014 | D:6      | Reached XP level 9. HP: 72/75 MP: 13/13
  3017 | D:6      | Reached skill level 5 in Invocations
  3427 | D:7      | Reached ** piety under Makhleb
  3465 | D:7      | Reached skill level 6 in Invocations
  3583 | D:7      | Found Fits's Magic Scroll Emporium.
  3596 | D:7      | Bought a scroll of noise for 15 gold pieces
  3596 | D:7      | Bought a scroll of teleportation for 45 gold pieces
  3596 | D:7      | Bought a scroll of identify for 30 gold pieces
  3596 | D:7      | Bought a scroll of poison for 60 gold pieces
  3596 | D:7      | Bought a scroll of identify for 30 gold pieces
  3596 | D:7      | Bought a scroll of identify for 30 gold pieces
  3609 | D:7      | Identified a scroll of acquirement
  3634 | D:7      | Reached XP level 10. HP: 80/86 MP: 15/15
  3680 | D:7      | Acquired a +1 broad axe of flaming
  3850 | D:8      | Noticed Elmgren's ghost (novice MiBe)
  3856 | D:8      | Reached skill level 7 in Invocations
  3895 | D:8      | Found a runed translucent door.
  3913 | D:8      | Got Luhimif's Tome of Conjuring and Malediction
  3953 | D:8      | Noticed a two-headed ogre
  3964 | D:8      | HP: 4/86 [two-headed ogre/+0 giant spiked club (22)]
  3965 | D:8      | Killed a two-headed ogre
  3977 | D:8      | Noticed a two-headed ogre
  3993 | D:8      | Killed a two-headed ogre
  3994 | D:8      | Reached skill level 8 in Invocations
  4086 | D:8      | Reached XP level 11. HP: 85/94 MP: 18/18
  4201 | D:8      | Reached *** piety under Makhleb
  4428 | D:9      | Found Ziuff's Jewellery Boutique.
  4439 | D:9      | Reached skill level 9 in Invocations
  4476 | D:9      | Found Jezot's Assorted Antiques.
  4482 | D:9      | Bought a scroll of identify for 50 gold pieces
  4606 | D:9      | Acquired 795 gold pieces
  4652 | D:9      | Reached **** piety under Makhleb
  4757 | D:10     | Entered Level 10 of the Dungeon
  4942 | D:10     | Noticed Nergalle
  4965 | D:10     | Killed Nergalle
  4966 | D:10     | Reached skill level 10 in Armour
  4966 | D:10     | Reached skill level 10 in Shields
  5026 | D:10     | Reached XP level 12. HP: 83/105 MP: 20/20
  5070 | D:10     | Reached skill level 10 in Invocations
  5187 | D:10     | Noticed an orc knight
  5187 | D:10     | Noticed a centaur warrior
  5188 | D:10     | Noticed a centaur warrior
  5245 | D:10     | Killed an orc knight
  5246 | D:10     | Reached skill level 10 in Axes
  5253 | D:10     | Killed a centaur warrior
  5300 | D:10     | Noticed Urug
  5371 | D:10     | Killed a centaur warrior
  5392 | D:10     | Noticed a five-headed hydra
  5402 | D:10     | Killed a one-headed hydra
  5510 | D:11     | Found a staircase to the Lair.
  5510 | D:11     | Noticed a death yak
  5523 | D:11     | Killed a death yak
  5524 | D:11     | Reached skill level 10 in Fighting
  5602 | D:11     | Reached skill level 11 in Invocations
  5728 | D:11     | Reached ***** piety under Makhleb
  5950 | D:12     | Found a staircase to the Orcish Mines.
  5952 | D:12     | Noticed a boulder beetle
  5976 | D:12     | Killed a boulder beetle
  6008 | D:12     | Reached XP level 13. HP: 102/114 MP: 22/22
  6216 | D:12     | You fall into a shaft and drop 1 floor!
  6268 | D:13     | Noticed a five-headed hydra
  6277 | D:13     | Killed a one-headed hydra
  6289 | D:13     | Noticed a death knight
  6289 | D:13     | Noticed a death knight
  6291 | D:13     | Noticed a boulder beetle
  6439 | D:12     | Noticed a boulder beetle
  6456 | D:12     | Noticed a two-headed ogre
  6468 | D:12     | Killed a boulder beetle
  6476 | D:12     | Killed a two-headed ogre
  6573 | D:12     | Reached skill level 12 in Invocations
  6584 | D:12     | Found a flickering gateway to a bazaar.
  6589 | Bazaar   | Entered a bazaar
  6595 | Bazaar   | Found Afoov's Distillery.
  6612 | Bazaar   | Found Xidd's Assorted Antiques.
  6625 | Bazaar   | Found Afrouryo's Armour Shop.
  6639 | Bazaar   | Found Nakocel's Magic Scroll Shop.
  6644 | Bazaar   | Bought a scroll of acquirement for 468 gold pieces
  6644 | Bazaar   | Acquired the +2 crystal plate armour of Fogoifoi {Fly SInv}
  6658 | Bazaar   | Bought a potion of might for 120 gold pieces
  6658 | Bazaar   | Bought a scroll of teleportation for 90 gold pieces
  6658 | Bazaar   | Bought a fizzy cyan potion for 27 gold pieces
  6670 | Bazaar   | Bought a potion of curing for 27 gold pieces
  6670 | Bazaar   | Bought a potion of heal wounds for 45 gold pieces
  6670 | Bazaar   | Bought a potion of haste for 90 gold pieces
  6670 | Bazaar   | Bought a potion of curing for 27 gold pieces
  6670 | Bazaar   | Bought a potion of mutation for 72 gold pieces
  6670 | Bazaar   | Bought a potion of ambrosia for 72 gold pieces
  6759 | Orc:1    | Entered Level 1 of the Orcish Mines
  6921 | Orc:1    | Noticed an ettin
  6975 | Orc:1    | Killed an ettin
  7091 | Orc:2    | Entered Level 2 of the Orcish Mines
  7212 | Orc:2    | Found Xeefeaxt's Magic Scroll Emporium.
  7219 | Orc:2    | Found Begrorie's Book Shop.
  7300 | Orc:2    | Found Joatomn's Book Emporium.
  7334 | Orc:2    | Found Tamaaf's Jewellery Shop.
  7341 | Orc:2    | Reached XP level 14. HP: 90/124 MP: 24/24
  7367 | Orc:2    | Reached ****** piety under Makhleb
  7376 | Orc:2    | Noticed Snorg
  7385 | Orc:2    | Killed Snorg
  7415 | Orc:2    | Found the +15 Maxwell's patent armour {-Cast -Tele rElec
                  | Will+ rCorr}
  7434 | Orc:2    | Found a staircase to the Elven Halls.
  7446 | Orc:2    | Noticed Rupert
  7453 | Orc:2    | Killed Rupert
  7454 | Orc:2    | Reached skill level 13 in Invocations
  7805 | Orc:1    | Found a runed translucent door.
  7814 | Orc:1    | Glimpsed the power of Zot.
  7860 | Orc:1    | Glimpsed the power of Zot.
  7900 | Orc:1    | Glimpsed the power of Zot.
  7910 | Orc:1    | Touched by the power of Zot.
  8007 | Orc:1    | Glimpsed the power of Zot.
  8078 | Lair:1   | Entered Level 1 of the Lair of Beasts
  8298 | Lair:1   | Reached skill level 1 in Dodging
  8559 | Lair:1   | Glimpsed the power of Zot.
  8885 | Lair:2   | Found a hole to the Spider Nest.
  9060 | Lair:2   | Found a staircase to the Swamp.
  9073 | Swamp:1  | Entered Level 1 of the Swamp
  9087 | Swamp:1  | Reached XP level 15. HP: 111/134 MP: 26/26
  9126 | Swamp:1  | Reached skill level 14 in Invocations
  9240 | Swamp:1  | Noticed a tentacled monstrosity
  9257 | Swamp:1  | Killed a tentacled monstrosity
  9506 | Swamp:1  | Glimpsed the power of Zot.
  9533 | Swamp:2  | Found a transporter.
  9574 | Swamp:2  | Found a transporter.
  9592 | Swamp:2  | Found a one-way gate to the infinite horrors of the Abyss.
  9592 | Swamp:2  | Noticed 2tc's ghost (journeyman GrMo)
  9882 | Swamp:2  | Noticed a brown very ugly thing
  9883 | Swamp:2  | Noticed a cacodemon
  9888 | Swamp:2  | Reached skill level 5 in Dodging
  9892 | Swamp:2  | Killed a brown very ugly thing
  9897 | Swamp:2  | Gained mutation: Your magical capacity is low. (-10% MP) [a
                  | cacodemon]
  9899 | Swamp:2  | Gained mutation: You are frail. (-10% HP) [a cacodemon]
  9905 | Swamp:2  | Killed a cacodemon
  9917 | Swamp:2  | Lost mutation: Your magical capacity is low. (-10% MP)
                  | [potion of mutation]
  9917 | Swamp:2  | Lost mutation: You are frail. (-10% HP) [potion of
                  | mutation]
  9917 | Swamp:2  | Gained mutation: You have hidden genetic defects. [potion
                  | of mutation]
  9917 | Swamp:2  | Gained mutation: You occasionally shout uncontrollably at
                  | your foes. [potion of mutation]
  9948 | Swamp:2  | Got the Exposition on Generation
 10001 | Swamp:2  | Killed 2tc's ghost
 10087 | Swamp:3  | Noticed Bai Suzhen
 10107 | Swamp:3  | Gained mutation: You are dopey. (Int -2) [hidden defects]
 10120 | Swamp:3  | Reached XP level 16. HP: 35/144 MP: 28/28
 10131 | Swamp:3  | Killed Bai Suzhen
 10132 | Swamp:3  | Reached skill level 15 in Invocations
 10200 | Swamp:3  | Noticed a thorn hunter
 10216 | Swamp:3  | HP: 1/144 [tyrant leech (17)]
 10221 | Swamp:3  | HP: 6/144 [thorn hunter/volley of thorns (27)]
 10223 | Swamp:3  | Slain by a tyrant leech

Illustrated notes

Levels and vault maps discovered:
D:1:      giann_wishing_wells, layout_basic,
          hellmonk_ecumenical_altar_crossroads, dreamdust_princess_corridor,
          kennysheep_small_spiral
D:2:      layout_basic, basic_altar, minmay_hexomino_f4
D:3:      layout_loops_cross, gammafunk_ghost_arena, uniq_jessica
D:4:      layout_cave_pods, chequers_temple_overflow_statue_of_worship
D:5:      layout_basic, hangedman_decor_points, uniq_edmund
D:6:      layout_basic, minmay_temple_entry_wispy, corexii_checkpoint_b
D:7:      statuecave_lemuel, layout_basic, serial_shops, shop,
          minmay_misc_feat_hallway
D:8:      layout_rooms, hellmonk_ghost_happy_afterlife
D:9:      layout_cave_pools, serial_shops, nicolae_shop_advertising_works
          [nicolae_subvault_shop_adworks], serial_gnoll_camp,
          gnoll_camp_medium_01, gnoll_camp_mini_shop, gnoll_camp_mini_sergeant,
          gnoll_camp_mini_basic
D:10:     layout_loops_ring, grunt_tough_drop, uniq_urug, uniq_nergalle
D:11:     layout_irregular_city, david_lair_generic
D:12:     layout_basic, orc_0_dummy, serial_shops, bzr_entry_road
D:13:     cheibrodos_tormentor_scu, layout_basic, erik_vaults_1,
          portal_ice_cave_entry_imps
Lair:1:   layout_cellular_growth, beast_lair_carwin_3
Lair:2:   layout_loops_ring, nicolae_swamp_entry_splash_gauntlet,
          spider_nest_entry_a
Swamp:1:  layout_basic_swamp, evilmike_swamp_ruin_rubble_2,
          nicolae_swamp_small_spring, infiniplex_staircase_pool
Swamp:2:  layout_basic_swamp, gammafunk_ghost_abyssal_escape,
          evilmike_swamp_ruin_house_2
Swamp:3:  layout_basic_swamp, gammafunk_ghost_cemetery,
          infiniplex_staircase_pool_2, swamp_pool2, uniq_bai_suzhen
Orc:1:    giant_chief_lemuel, layout_caves, lightli_church_of_beogh,
          uniq_jorgrun
Orc:2:    st_orc_town, layout_caves, basic_altar, dreamdust_deal_with_the_devil,
          uniq_snorg, uniq_rupert

Skill      XL: |  1  2  3  4  5  6  7  8  9 10 11 12 13 14 15 16 |
---------------+-------------------------------------------------+-----
Armour         | 4 5 6 7 8 10 11 12 13 14 | 14.5
Shields        | 4 5 6 7 8 10 11 12 13 14 | 14.5
Axes           | 3 4 5 7 8 9 11 12 13 14 | 14.2
Fighting       | 4 5 7 8 9 10 11 12 13 | 13.3
Invocations    | 1 2 3 4 6 8 9 11 12 13 14 15 | 15.0
Dodging        | 3 6 |  6.4

Action                   |  1- 3 |  4- 6 |  7- 9 | 10-12 | 13-15 | 16-18 || total
-------------------------+-------+-------+-------+-------+-------+-------++-------
Melee: War axe           |    72 |    99 |   192 |     7 |       |       ||   370
       Broad axe         |       |       |       |   385 |   809 |    39 ||  1233
Throw: Dart              |       |       |       |     7 |       |       ||     7
Invok: Greater Servant o |       |       |       |       |     3 |       ||     3
Evoke: Wand              |       |     2 |    19 |    19 |     4 |     6 ||    50
  Use: Scroll            |       |       |    13 |    10 |     9 |       ||    32
       Potion            |       |       |       |     2 |     5 |     4 ||    11
 Stab: Invisible         |       |       |    12 |     4 |       |     1 ||    17
       Paralysed         |       |       |     8 |     4 |       |       ||    12
       Distracted        |       |       |       |     1 |       |       ||     1
Armor: Scale mail        |    41 |    47 |       |       |       |       ||    88
       Plate armour      |       |    24 |   176 |   359 |   452 |    27 ||  1038
       Crystal plate arm |       |       |       |       |    77 |       ||    77
Dodge: Dodged            |    30 |    54 |    67 |    88 |   142 |     5 ||   386
Block: Buckler           |    30 |    28 |    55 |    69 |       |       ||   182
       Kite shield       |       |       |       |   142 |    14 |       ||   156
       Tower shield      |       |       |       |       |  1022 |    40 ||  1062

Table legend: (Time is in decaauts)
 A = Elapsed time spent in this place.
 B = Non-inter-level travel time spent in this place.
 C = Inter-level travel time spent in this place.
 D = Time resting spent in this place.
 E = Time spent auto-exploring this place.
 F = Levels seen in this place.
 G = Mean time per level.
                   A        B        C        D        E       F      G
               +--------+--------+--------+--------+--------+-----+--------+
         Total |  10712 |   9711 |   1001 |     13 |      0 |  21 |  510.1 |
       Dungeon |   6941 |   6319 |    622 |      0 |      0 |  13 |  533.9 |
          Lair |   1031 |    909 |    122 |      0 |      0 |   2 |  515.5 |
         Swamp |   1312 |   1200 |    112 |      0 |      0 |   3 |  437.3 |
  Orcish Mines |   1335 |   1192 |    143 |     13 |      0 |   2 |  667.5 |
        Bazaar |     91 |     91 |      0 |      0 |      0 |   1 |   91.0 |
               +--------+--------+--------+--------+--------+-----+--------+

Top non-repeatable levels by time:
   Orc:2: 803 daAuts
     D:4: 706 daAuts
    D:10: 698 daAuts
    D:12: 677 daAuts
     D:6: 613 daAuts
     D:1: 601 daAuts
 Swamp:2: 590 daAuts
     D:7: 537 daAuts
     D:9: 536 daAuts
     D:5: 533 daAuts
   Orc:1: 531 daAuts
    D:11: 524 daAuts
  Lair:1: 524 daAuts
  Lair:2: 507 daAuts
 Swamp:1: 502 daAuts
